Map: Proxima Station LE

Players

DamageINC

  • Race: Terran Terran
  • League: Diamond
  • Spawn Location: 7:00

nulliFied - Winner!

  • Race: Protoss Protoss
  • League: Master
  • Spawn Location: 1:00

VOD

Have the link to the VOD?

Description

Time

  • Played on: June 4, 2017, 10:10 a.m.
  • Length: 11:29
Show
View Real Time Build Order
Export as new Build Order

DamageINC Terran 

Build Orders:  

Get SALT Encoding   

  12  0:01  SCV  
  13  0:13  SCV  
  14  0:18  Supply Depot  
  14  0:25  SCV  
  15  0:40  SCV  
  15  0:41  Barracks  
  16  0:52  SCV  
  16  0:53  Refinery  
  18  1:04  SCV  
  18  1:16  SCV  
  19  1:28  Marine, Orbital Command  
  20  1:42  Command Center  
  20  1:46  Marine  
  21  1:53  Supply Depot  
  21  1:57  SCV  
  22  2:09  Factory  
  22  2:12  Marine  
  23  2:19  SCV  
  24  2:34  SCV  
  25  2:39  Marine  
  25  2:41  Bunker  
  26  2:52  Widow Mine  
  26  2:55  Engineering Bay, Barracks  
  28  3:06  Starport  
  28  3:17  Orbital Command  
  28  3:21  Widow Mine  
  28  3:24  SCV  
  31  3:28  Marine  
  32  3:36  SCV  
  32  3:39  Missile Turret  
  33  3:43  Medivac  
  35  3:49  SCV  
  35  3:53  Missile Turret  
  35  3:55  SCV  
  37  3:58  Widow Mine  
  37  4:02  SCV  
  40  4:03  Barracks Tech Lab  
  40  4:04  Barracks Reactor  
  40  4:07  SCV  
  41  4:10  Refinery  
  41  4:14  SCV  
  41  4:16  Supply Depot  
  42  4:20  Refinery  
  42  4:26  Marine  
  42  4:27  Starport Reactor  
  43  4:36  SCV  
  43  4:37  SCV  
  44  4:48  SCV  
  44  4:50  Marine x2  
  46  4:54  Marine  
  29  5:30  Orbital Command  
  23  5:56  SCV  
  16  6:08  SCV  
  17  6:20  SCV  
  17  6:23  Supply Depot  
  18  6:27  Orbital Command  
  18  6:32  Command Center  
  18  6:40  Starport  
  18  6:41  Starport  
  18  6:46  Supply Depot  
  18  6:48  SCV  
  16  7:12  SCV  
  16  7:14  Widow Mine  
  18  7:16  Starport Tech Lab  
  18  7:18  Viking  
  20  7:24  SCV  
  20  7:28  Refinery  
  21  7:30  Missile Turret, Refinery  
  21  7:34  Missile Turret  
  19  7:39  SCV  
  18  7:59  Barracks  
  18  8:01  Barracks  
  18  8:16  Orbital Command  
  17  8:37  Refinery, SCV  
  17  8:38  Refinery  
  18  8:42  SCV  
  15  8:49  Marine, SCV  
  15  8:50  Marine  
  15  8:53  Bunker  
  15  8:54  SCV  
  17  8:58  Bunker  
  17  9:01  SCV  
  18  9:06  SCV  
  19  9:16  Marine x2  
  21  9:17  SCV  
  21  9:18  SCV  
  25  9:33  SCV  
  26  9:38  Marine  
  26  9:39  Marine  
  26  9:43  Missile Turret  
  27  9:48  Bunker  
  27  9:56  Supply Depot  
  27  9:58  Supply Depot  
  25  10:02  Bunker, Marine  
  25  10:03  Marine  
  25  10:06  SCV  
  27  10:21  Missile Turret  
  25  10:23  Missile Turret  
  25  10:28  Marine x2  
  27  10:41  SCV  
  28  10:44  Missile Turret  
  28  10:51  Marine x2  
  28  10:53  SCV  
Show
View Real Time Build Order
Export as new Build Order

nulliFied Protoss - Winner!

Build Orders:  

Get SALT Encoding   

  12  0:02  Probe (Chrono Boost)  
  13  0:12  Probe (Chrono Boost)  
  14  0:18  Pylon  
  14  0:24  Probe (Chrono Boost)  
  15  0:37  Gateway  
  15  0:39  Probe (Chrono Boost)  
  16  0:43  Assimilator  
  17  0:50  Probe (Chrono Boost)  
  17  1:00  Probe (Chrono Boost)  
  18  1:07  Assimilator  
  18  1:11  Probe (Chrono Boost)  
  19  1:21  Probe (Chrono Boost)  
  20  1:29  Cybernetics Core  
  20  1:31  Pylon  
  20  1:32  Probe (Chrono Boost)  
  21  1:42  Probe (Chrono Boost)  
  22  1:54  Probe (Chrono Boost)  
  23  2:06  Robotics Facility  
  23  2:07  Robotics Facility  
  23  2:10  Probe (Chrono Boost)  
  24  2:51  Immortal  
  28  2:58  Pylon  
  28  3:12  Immortal  
  31  3:27  Immortal  
  35  3:36  Pylon  
  35  3:47  Immortal  
  39  3:59  Warp Gate  
  39  4:06  Nexus  
  39  4:12  Observer  
  40  4:21  Immortal  
  40  4:23  Mothership Core (Chrono Boost)  
  46  5:05  Pylon  
  46  5:12  Immortal  
  46  5:18  Immortal  
  46  5:19  Pylon  
  46  5:20  Pylon  
  54  5:25  Probe (Chrono Boost)  
  54  5:47  Immortal  
  58  6:10  Probe (Chrono Boost)  
  60  6:11  Probe (Chrono Boost)  
  60  6:14  Gateway  
  60  6:16  Gateway  
  60  6:24  Stargate  
  60  6:27  Stargate  
  60  6:34  Probe (Chrono Boost)  
  60  6:35  Probe (Chrono Boost)  
  62  6:40  Assimilator  
  62  6:41  Assimilator  
  62  6:45  Probe x2 (Chrono Boost)  
  64  6:56  Probe x2 (Chrono Boost)  
  66  7:09  Void Ray x2  
  74  7:28  Pylon  
  74  7:29  Pylon  
  74  7:42  Probe x2 (Chrono Boost)  
  76  7:47  Stargate  
  76  7:49  Stargate  
  76  8:11  Void Ray x2  
  84  8:33  Void Ray x2  
  92  8:38  Probe (Chrono Boost)  
  93  9:07  Pylon  
  93  9:08  Pylon  
  93  9:19  Void Ray x2  
  101  9:38  Void Ray x2  
  109  10:01  Pylon  
  109  10:02  Pylon  
  109  10:17  Probe (Chrono Boost)  
  109  10:19  Nexus  
  111  10:21  Probe (Chrono Boost)  
  111  10:32  Void Ray  
  115  10:40  Void Ray  
Tags
 
Add a new tag
Caveats
  • Supply blocks, unpowered buildings, or Contaminate may cause inaccurate times.
  • Supply counts are checked every 10 seconds.